 Dungeon Crawl Stone Soup version 0.31-a0-152-g6aa68a64a1 (webtiles) character file.

Game seed: 16428297417468152072

320 qw the Shooter (level 6, -15/56 HPs)
             Began as a Naga Hunter on June 10, 2023.
             Demolished by an ogre
             ... wielding a +0 giant club
              (27 damage)
             ... on level 3 of the Dungeon.
             The game lasted 00:00:56 (2331 turns).

qw the Shooter (Naga Hunter)                        Turns: 2331, Time: 00:00:57

Health: -15/56     AC:  7    Str: 12 (13) XL:     6   Next: 46%
Magic:  6/6        EV:  9    Int:  8 (9)  God:
Gold:   166        SH:  0    Dex: 14 (17) Spells: 5/5 levels left

rFire   . . .        Y - +0 shortbow
rCold   . . .        (shield currently unavailable)
rNeg    + . .        c - +0 leather armour
rPois   +            (no helmet)
rElec   .            b - +0 cloak
rCorr   .            h - +2 pair of gloves
SInv    +            (no barding)
Will    .....        (no amulet)
Stlth   ++           f - ring of positive energy
HPRegen 0.29/turn    (no ring)
MPRegen 0.10/turn

%: no passive effects
@: about to teleport, short of breath, very slow
A: AC +2, large, see invisible, deformed body, poison resistance, slowness 2,
spit poison 1, naga tail 1
a: Spit Poison


You were on level 3 of the Dungeon.
You visited 1 branch of the dungeon, and saw 4 of its levels.

You collected 166 gold pieces.


Innate Abilities, Weirdness & Mutations

Your serpentine skin is tough. (AC +2)
You have supernaturally acute eyesight. (SInv)
Armour fits poorly on your strangely shaped body.
Your system is resistant to poisons. (rPois)
You cover ground very slowly.
You can spit poison.
You have a snake-like lower body.


   Skills:
 + Level 3.3 Fighting
 - Level 6.4 Ranged Weapons
 - Level 1.5 Dodging
 - Level 1.5 Stealth


You had 5 spell levels left.
You didn't know any spells.
Your spell library was empty.

Inventory:

Hand Weapons
 Y - a +0 shortbow (weapon)
Armour
 b - a +0 cloak (worn)
 c - a +0 leather armour (worn)
 h - a +2 pair of gloves (worn)
Jewellery
 f - a ring of positive energy (left hand)
Scrolls
 e - a scroll of identify
 j - a scroll of teleportation
Potions
 a - a potion of might
 i - a potion of berserk rage {unknown}
 k - a potion of enlightenment {unknown}
 n - a potion of haste {unknown}

Dungeon Overview and Level Annotations

Branches:
Dungeon (4/15)
 Temple: D:4-7

Altars:

Annotations:
D:3 3 runed translucent doors, qw's ghost, amateur NaHu


Message History

A jelly comes into view.
You shoot an arrow.
The arrow hits the ogre but does no damage.
The ogre is moderately wounded.
The ogre hits you with a +0 giant club!
2324 ||| STAIRDANCE You have got your breath back.
You climb upwards.
Level annotation: 3 runed translucent doors, qw's ghost, amateur NaHu
There is a stone staircase leading down here.
Enter note:
Enter note:
Enter note:
Enter note:
Enter note:
Enter note:
2326 ||| INVOKING Spit Poison.
Aiming: Spit Poison (1% risk of failure)
Press: ? - help, Shift-Dir - straight line, f - ogre The splash of poison hits the ogre.
The ogre is heavily wounded.
The ogre looks more healthy.
The ogre hits you with a +0 giant club!
You shoot an arrow. The arrow barely misses the ogre.
The ogre hits you with a +0 giant club.
You shoot an arrow. The arrow hits the ogre!
The ogre is almost dead.
You have got your breath back.
The ogre closely misses you.
2329 ||| INVOKING Spit Poison.
Aiming: Spit Poison (1% risk of failure)
Press: ? - help, Shift-Dir - straight line, f/p - ogre The splash of poison misses the ogre.
You shoot an arrow. The arrow hits the ogre.
The ogre is almost dead.
The ogre hits you with a +0 giant club!
2331 ||| READING 2 scrolls of teleportation.
As you read the scroll of teleportation, it crumbles to dust.
You feel strangely unstable.
The ogre hits you with a +0 giant club!!
You die...

#.########.........#
#.########.#########
#.##.............#
#.##.###.###.###.#
#.##.##.## ##.##.####
#.##.#.## ##.#.##.##
#.##.#.#
#.#.#...##########
..##.#.##
##[#..............###
####.##.##
##...@O.....######....
#.###.###.###......##
#.### #.#
#....####.#...## #.#
#.###.......#.##.##
###.#
#........)....##.#
#>..#
#####...###.####.#
#.#.### ########...#
#.# #.# #.#.##.
...........###.## #.#
#.#.##.
########.####.#.###.#
#.#.##.


You could see an ogre.

Vanquished Creatures
  Grinder (D:3)
  An iguana (D:3)
  2 adders (D:2)
  A worm (D:3)
  4 dart slugs
  4 orcs
  3 ball pythons
  4 bats (D:2)
  6 endoplasms
  3 giant cockroaches
  8 goblins
  8 hobgoblins
  4 quokkas
  4 frilled lizards
  8 kobolds
  9 rats
70 creatures vanquished.

Notes
Turn   | Place    | Note
-------+----------+-------------------------------------------
     0 | D:1      | qw the Naga Hunter began the quest for the Orb.
     0 | D:1      | Reached XP level 1. HP: 19/19 MP: 1/1
     0 | D:1      | 0 ||| qw: Version: 0.2-a-123-gb51047a
     0 | D:1      | 0 ||| qw: Game counter: 3803
     0 | D:1      | 0 ||| qw: Always use a shield: true
     0 | D:1      | 0 ||| qw: God list: Okawaru
     0 | D:1      | 0 ||| qw: Allow faded altars: false
     0 | D:1      | 0 ||| qw: Do Orc after D:15 true
     0 | D:1      | 0 ||| qw: Do second Lair branch before Depths: true
     0 | D:1      | 0 ||| qw: Lair rune preference: random
     0 | D:1      | 0 ||| qw: Plans: Normal
     0 | D:1      | 0 ||| PLANNING D:1-11
    60 | D:1      | 60 ||| INVOKING Spit Poison.
    67 | D:1      | 67 ||| INVOKING Spit Poison.
    95 | D:1      | 95 ||| INVOKING Spit Poison.
   121 | D:1      | Reached skill level 4 in Ranged Weapons
   121 | D:1      | Reached XP level 2. HP: 26/26 MP: 2/2
   175 | D:1      | 175 ||| INVOKING Spit Poison.
   271 | D:1      | 271 ||| INVOKING Spit Poison.
   283 | D:1      | 283 ||| INVOKING Spit Poison.
   348 | D:1      | 348 ||| INVOKING Spit Poison.
   421 | D:1      | 421 ||| INVOKING Spit Poison.
   440 | D:1      | Reached XP level 3. HP: 32/32 MP: 3/3
   440 | D:1      | 440 ||| INVOKING Spit Poison.
   442 | D:1      | 442 ||| INVOKING Spit Poison.
   504 | D:1      | 504 ||| INVOKING Spit Poison.
   636 | D:1      | 636 ||| INVOKING Spit Poison.
   656 | D:1      | 656 ||| INVOKING Spit Poison.
   677 | D:1      | 677 ||| INVOKING Spit Poison.
   709 | D:1      | 709 ||| UPGRADING to +1 pair of gloves.
   714 | D:1      | 714 ||| UPGRADING to ring of positive energy.
   715 | D:1      | 715 ||| READING 2 scrolls labelled IWKOHA JYEMU.
   716 | D:1      | 716 ||| READING scroll labelled BEGOTA PAEXIMP.
   721 | D:1      | 721 ||| READING scroll labelled AFUEMU PALIGIE.
   722 | D:1      | 722 ||| DROPPING scroll of vulnerability.
   723 | D:1      | 723 ||| DROPPING scroll of butterflies.
   749 | D:2      | 749 ||| INVOKING Spit Poison.
   752 | D:2      | 752 ||| INVOKING Spit Poison.
   755 | D:2      | 755 ||| INVOKING Spit Poison.
   789 | D:2      | 789 ||| INVOKING Spit Poison.
   798 | D:2      | 798 ||| INVOKING Spit Poison.
   811 | D:2      | 811 ||| INVOKING Spit Poison.
   822 | D:2      | 822 ||| INVOKING Spit Poison.
   825 | D:2      | 825 ||| INVOKING Spit Poison.
   826 | D:2      | Reached skill level 5 in Ranged Weapons
   826 | D:2      | Reached XP level 4. HP: 39/39 MP: 4/4
   840 | D:2      | 840 ||| INVOKING Spit Poison.
   867 | D:2      | 867 ||| INVOKING Spit Poison.
   872 | D:2      | 872 ||| INVOKING Spit Poison.
   907 | D:2      | 907 ||| INVOKING Spit Poison.
   928 | D:2      | 928 ||| INVOKING Spit Poison.
   963 | D:2      | 963 ||| INVOKING Spit Poison.
  1030 | D:2      | 1030 ||| INVOKING Spit Poison.
  1087 | D:2      | 1087 ||| INVOKING Spit Poison.
  1090 | D:2      | 1090 ||| INVOKING Spit Poison.
  1093 | D:2      | 1093 ||| INVOKING Spit Poison.
  1100 | D:2      | 1100 ||| INVOKING Spit Poison.
  1106 | D:2      | 1106 ||| INVOKING Spit Poison.
  1266 | D:2      | 1266 ||| INVOKING Spit Poison.
  1287 | D:2      | 1287 ||| UPGRADING to +0 cloak.
  1292 | D:2      | 1292 ||| DROPPING ring of wizardry.
  1293 | D:2      | 1293 ||| READING scroll labelled KEKOYS HERHY.
  1294 | D:2      | 1294 ||| READING 2 scrolls labelled ELICOL GIFUAM.
  1295 | D:2      | 1295 ||| READING 2 scrolls labelled QEDIYL RIJUAGE.
  1296 | D:2      | 1296 ||| READING scroll labelled HUM VULELE.
  1297 | D:2      | 1297 ||| READING scroll labelled DEW GASOASH.
  1298 | D:2      | 1298 ||| READING scroll labelled SIETZY YPUC.
  1299 | D:2      | 1299 ||| READING scroll labelled QENTAA ZUINLIN.
  1300 | D:2      | 1300 ||| DROPPING scroll of fear.
  1343 | D:3      | 1343 ||| INVOKING Spit Poison.
  1386 | D:3      | 1386 ||| INVOKING Spit Poison.
  1425 | D:3      | 1425 ||| INVOKING Spit Poison.
  1426 | D:3      | 1426 ||| INVOKING Spit Poison.
  1432 | D:3      | 1432 ||| INVOKING Spit Poison.
  1434 | D:3      | Reached skill level 3 in Fighting
  1434 | D:3      | Reached XP level 5. HP: 29/49 MP: 5/5
  1572 | D:3      | 1572 ||| INVOKING Spit Poison.
  1591 | D:3      | 1591 ||| READING scroll of enchant armour.
  1591 | D:3      | 1591 ||| ENCHANTING +1 pair of gloves.
  1600 | D:3      | 1600 ||| INVOKING Spit Poison.
  1608 | D:3      | 1608 ||| INVOKING Spit Poison.
  1624 | D:3      | 1624 ||| INVOKING Spit Poison.
  1630 | D:3      | 1630 ||| INVOKING Spit Poison.
  1633 | D:3      | 1633 ||| INVOKING Spit Poison.
  1634 | D:3      | 1634 ||| INVOKING Spit Poison.
  1667 | D:3      | 1667 ||| INVOKING Spit Poison.
  1835 | D:3      | Found a runed translucent gate.
  1836 | D:3      | Found a runed translucent gate.
  1836 | D:3      | Found a runed translucent gate.
  1840 | D:3      | Noticed qw's ghost (amateur NaHu)
  1918 | D:3      | 1918 ||| INVOKING Spit Poison.
  1921 | D:3      | Noticed Grinder
  1927 | D:3      | 1927 ||| Stepping ~*~*~tactically~*~*~ (outnumbered).
  1930 | D:3      | 1930 ||| Stepping ~*~*~tactically~*~*~ (outnumbered).
  1932 | D:3      | 1932 ||| Stepping ~*~*~tactically~*~*~ (outnumbered).
  1935 | D:3      | Paralysed by Grinder for 5 turns
  1949 | D:3      | HP: 11/49 [Grinder (5)]
  1950 | D:3      | 1950 ||| READING 3 scrolls of teleportation.
  1950 | D:3      | HP: 5/49 [Grinder/nerve-wracking pain (3)]
  1953 | D:3      | Killed Grinder
  1954 | D:3      | Reached skill level 6 in Ranged Weapons
  1954 | D:3      | Reached XP level 6. HP: 6/56 MP: 6/6
  2273 | D:3      | 2273 ||| DRINKING 3 clear potions.
  2274 | D:3      | 2274 ||| READING 3 scrolls of identify.
  2274 | D:3      | 2274 ||| IDENTIFYING yellow potion
  2275 | D:3      | 2275 ||| READING 2 scrolls of identify.
  2275 | D:3      | 2275 ||| IDENTIFYING murky blue potion
  2276 | D:3      | 2276 ||| DROPPING potion of lignification.
  2277 | D:3      | 2277 ||| DROPPING 2 potions of degeneration.
  2320 | D:4      | 2320 ||| INVOKING Spit Poison.
  2324 | D:4      | 2324 ||| STAIRDANCE
  2326 | D:3      | 2326 ||| INVOKING Spit Poison.
  2329 | D:3      | 2329 ||| INVOKING Spit Poison.
  2330 | D:3      | HP: 12/56 [ogre/+0 giant club (14)]
  2331 | D:3      | 2331 ||| READING 2 scrolls of teleportation.
  2331 | D:3      | Demolished by an ogre

Levels and vault maps discovered:
D:1:      dpeg_arrival_simpleton_c, layout_loops_corners
D:2:      layout_basic, minmay_misc_feat_four_crosses, minmay_pentomino_w4
D:3:      layout_loops_ring, ebering_ghost_rock_garden, uniq_grinder
D:4:      layout_rooms, minmay_temple_entry_poolview, minmay_between

Skill      XL: |  1  2  3  4  5 |
---------------+----------------+-----
Ranged Weapons | 4 5 6 |  6.4
Fighting       | 3 |  3.3
Dodging        | |  1.5
Stealth        | |  1.5

Action                     |  1- 3 |  4- 6 || total
---------------------------+-------+-------++-------
   Fire: Shortbow          |    51 |    79 ||   130
Ability: Spit Poison       |    21 |    28 ||    49
    Use: Scroll            |     3 |    12 ||    15
         Potion            |       |     1 ||     1
 Armour: Leather armour    |     3 |    16 ||    19
  Dodge: Dodged            |     2 |    24 ||    26

Table legend:
 A = Non-vault XP
 B = Vault XP
 C = Vault XP percentage of total XP
 D = Non-vault monster count
 E = Vault monster count
 F = Vault count percentage of total count
                 A         B        C        D         E       F
            +---------+---------+-------+---------+---------+-------
      Total |     169 |     289 |  63.1 |      63 |       7 |  10.0
            +---------+---------+-------+---------+---------+-------
        D:1 |      55 |       0 |   0.0 |      29 |       0 |   0.0
        D:2 |      47 |      22 |  31.9 |      22 |       6 |  21.4
        D:3 |      67 |     267 |  79.9 |      12 |       1 |   7.7
            +---------+---------+-------+---------+---------+-------
